 Dungeon Crawl Stone Soup version 0.18.1-48-g4cf74bf (webtiles) character file.

107 GFox the Covered (level 4, -11/40 HPs)
             Began as a Minotaur Fighter on July 16, 2016.
             Killed by divine providence
             ... invoked by an orc priest
              (15 damage)
             ... on level 3 of the Dungeon.
             The game lasted 00:12:13 (2006 turns).

GFox the Covered (Minotaur Fighter)                 Turns: 2006, Time: 00:12:14

Health: -11/40     AC:  9    Str: 21    XL:     4   Next: 56%
Magic:  3/3        EV:  8    Int: 10    God:
Gold:   79         SH:  9    Dex: 10    Spells: 0 memorised, 3 levels left

rFire  + . .     SeeInvis .     a - +0 war axe
rCold  x . .     Gourm    .     b - +0 scale mail
rNeg   . . .     Faith    .     c - +0 shield
rPois  .         Spirit   .     (helmet restricted)
rElec  .         Dismiss  .     h - +0 cloak
rCorr  .         Reflect  .     s - +0 pair of gloves
SustAt .         Harm     .     (no boots)
MR     .....                    (no amulet)
Stlth  +.........               j - ring of stealth
                                e - ring of fire

@: brilliant, not resistant to hostile enchantments, very unstealthy
A: retaliatory headbutt, horns 2
a: no special abilities


You were on level 3 of the Dungeon.
You were not hungry.

You visited 1 branch of the dungeon, and saw 3 of its levels.

You collected 79 gold pieces.

Inventory:

Hand Weapons
 a - a +0 war axe (weapon)
Armour
 b - a +0 scale mail (worn)
 c - a +0 shield (worn)
 h - a +0 cloak (worn)
 s - a +0 pair of gloves (worn)
Jewellery
 e - a ring of fire (left hand)
 j - a ring of stealth (right hand)
Wands
 l - a wand of paralysis (17/24)
Scrolls
 m - 2 scrolls of remove curse
 t - a scroll of random uselessness {unknown}
 u - a scroll of recharging
Potions
 d - a potion of might
 n - 2 potions of cancellation {unknown}
 q - 3 potions of curing {unknown}
Comestibles
 f - 2 bread rations
 g - a chunk of flesh
 k - a fruit
 o - a meat ration
 p - a royal jelly
 r - a slice of pizza


   Skills:
 + Level 4.2 Fighting
 + Level 2.8 Axes
 + Level 4.8 Armour
 + Level 1.2 Dodging
 + Level 4.6 Shields


You had 3 spell levels left.
You didn't know any spells.

Dungeon Overview and Level Annotations

Branches:
Dungeon (3/15)

Altars:
Vehumet


Innate Abilities, Weirdness & Mutations

You reflexively headbutt those who attack you in melee.
You have a pair of horns on your head.


Message History

The orc priest's wounds heal themselves!
The orc priest hits you.
* * * LOW HITPOINT WARNING * * *
You block the orc priest's attack.
You closely miss the orc priest. You headbutt the orc priest.
The orc priest is lightly wounded.
You block the orc priest's attack.
You hit the orc priest. Your headbutt misses the orc priest.
The orc priest is heavily wounded.
The orc priest mumbles some strange prayers to Beogh against you.
You barely resist.
The orc priest mumbles some strange prayers to Beogh against you.
Pain shoots through your body!
* * * LOW HITPOINT WARNING * * *
Drink which item? (? for menu, Esc to quit)
It was a potion of brilliance.
You feel clever all of a sudden.
The orc priest invokes the aid of Beogh against you.
Beogh smites you!
You die...

#. #. #. #. #. # #. #.#
#.######.# #. ####..
.......# ## #. ......
.....###.#### #. ##...##
#.....#.....# #.
#.#.....###.####.(###.# #.
.......oo@)...........###.
.#....o###.####..##...##.
#.......# #.# #(.##.)#.#.
###.#.#.# #.# #..##...#..
#.....###.# #..##.....#
... ........##).##.#..##
#.>#.............##.#.##
o... .........##.###..##
### #.#####.. ..# #.#.##


You could see 2 orc priests and an orc.

Vanquished Creatures
  5 adders
  A dart slug (D:1)
  2 orcs (D:3)
  A giant cockroach (D:2)
  7 goblins
  11 hobgoblins
  3 jackals (D:3)
  2 quokkas (D:2)
  2 ball pythons (D:1)
  3 bats
  2 giant newts (D:3)
  12 kobolds
  2 rats (D:1)
53 creatures vanquished.

Vanquished Creatures (others)
  A hobgoblin (D:2)
1 creature vanquished.

Grand Total: 54 creatures vanquished

Notes
Turn   | Place    | Note
--------------------------------------------------------------
     0 | D:1      | GFox the Minotaur Fighter began the quest for the Orb.
     0 | D:1      | Reached XP level 1. HP: 19/19 MP: 0/0
   352 | D:1      | Reached XP level 2. HP: 27/27 MP: 1/1
   755 | D:2      | Reached XP level 3. HP: 22/33 MP: 2/2
   907 | D:2      | Found a radiant altar of Vehumet.
  1023 | D:2      | Reached skill level 1 in Dodging
  1249 | D:2      | Reached XP level 4. HP: 35/40 MP: 3/3
  2006 | D:3      | Killed from afar by an orc priest

Skill      XL: |  1  2  3 |
---------------+----------+-----
Shields        | 4 |  4.6
Armour         | 4 |  4.8
Fighting       | 4 |  4.2
Dodging        | 1 |  1.2
Axes           | |  2.8

Action                   |  1- 3 |  4- 6 || total
-------------------------+-------+-------++-------
Melee: War axe           |   104 |    67 ||   171
       Headbutt          |    10 |    11 ||    21
  Use: Scroll            |     2 |       ||     2
       Potion            |       |     1 ||     1
  Eat: Chunk             |     1 |     3 ||     4
Armor: Scale mail        |    58 |    24 ||    82
Dodge: Dodged            |    29 |    23 ||    52
Block: Shield            |    60 |    36 ||    96
